[ PARTIDA AOE2 · #467591241 ]
UnrankedBúlgaros vs Turks
Equipo del jugador · DERR
[ ANÁLISIS DE REPETICIÓN · EXTRAÍDO DE LA PARTIDA GRABADA ]
Feudal
12:23
Castillos
20:10
Imperial
—
| APM promedio | 44.9 |
| APM pico | 99 |
| eAPM promedio | 22.5 |
| Aldeanos / militares | 80 / 63 |
Foco
⚔️ 21.6% · 🌾 78.4%
Knight ×45 · Archer ×16 · Monk ×1 · Spearman ×1
Feudal
9:26
Castillos
22:19
Imperial
—
| APM promedio | 46.3 |
| APM pico | 90 |
| eAPM promedio | 18.1 |
| Aldeanos / militares | 109 / 55 |
Foco
⚔️ 27.4% · 🌾 72.6%
Knight ×46 · Scout Cavalry ×9
Feudal
8:30
Castillos
19:44
Imperial
—
| APM promedio | 63.6 |
| APM pico | 89 |
| eAPM promedio | 28.7 |
| Aldeanos / militares | 115 / 79 |
Foco
⚔️ 34.2% · 🌾 65.8%
Knight ×65 · Scout Cavalry ×10 · Monk ×4
Feudal
9:32
Castillos
25:34
Imperial
—
| APM promedio | 42.8 |
| APM pico | 71 |
| eAPM promedio | 18.4 |
| Aldeanos / militares | 54 / 89 |
Foco
⚔️ 49.5% · 🌾 50.5%
Skirmisher ×78 · Spearman ×11
Feudal
8:51
Castillos
19:35
Imperial
—
| APM promedio | 78.5 |
| APM pico | 133 |
| eAPM promedio | 26.1 |
| Aldeanos / militares | 68 / 96 |
Foco
⚔️ 38.9% · 🌾 61.1%
Archer ×63 · Skirmisher ×14 · Spearman ×9 · Battering Ram ×7 · Mangonel ×3
Feudal
9:05
Castillos
23:06
Imperial
—
| APM promedio | 56.7 |
| APM pico | 84 |
| eAPM promedio | 17.8 |
| Aldeanos / militares | 60 / 81 |
Foco
⚔️ 25.9% · 🌾 74.1%
Knight ×62 · Scout Cavalry ×18 · Spearman ×1
Feudal
10:10
Castillos
22:05
Imperial
—
| APM promedio | 55.5 |
| APM pico | 83 |
| eAPM promedio | 29.6 |
| Aldeanos / militares | 110 / 130 |
Foco
⚔️ 42.6% · 🌾 57.4%
Archer ×130
Feudal
9:03
Castillos
20:12
Imperial
—
| APM promedio | 66.8 |
| APM pico | 103 |
| eAPM promedio | 23.5 |
| Aldeanos / militares | 72 / 44 |
Foco
⚔️ 31.6% · 🌾 68.4%
Archer ×36 · Unknown (1952) ×15 · Scorpion ×5 · Skirmisher ×3
Mapa de la partida
Recursos iniciales + cada clic de construcción. Líneas = muros · curvas = relieve. ◆ oro · ⬟ piedra · ● bayas · ✦ reliquia · ◌ hueco del cierre
Tu base· Abierta — hueco de 4t
Base de ManWithoutArms· ✓ Cerrada en 22:19 · 4t muro · 2 puerta(s)
Base de Guiik· Abierta — hueco de 3t
Base de 70后老菜鸟· Abierta — hueco de 3t
Base de HeN.Le Super Fluffy· Abierta — hueco de 2t
Base de The Milkman· Abierta — hueco de 6t
Base de [DGLOS] DyouDi· Abierta — hueco de 3t
Base de samll Kitchen knife· ✓ Cerrada en 20:12 · 15t muro · sin puerta
Terreno inicial suavizado · ◌ = hueco del cierre detectado · pasá el cursor para detalles
Inputs por minuto
— christopher44800 - - ManWithoutArms
Build order — christopher44800
Primeras 150 de 260 acciones detectadas
| 0:01 | Crear | Villager (Male) |
| 0:01 | Crear | Villager (Male) |
| 0:02 | Crear | Villager (Male) |
| 0:02 | Crear | Villager (Male) |
| 0:03 | Construir | House |
| 0:04 | Construir | House |
| 1:29 | Crear | Villager (Male) |
| 1:29 | Crear | Villager (Male) |
| 1:47 | Construir | Lumber Camp |
| 2:01 | Crear | Villager (Male) |
| 2:02 | Crear | Villager (Male) |
| 2:18 | Crear | Villager (Male) |
| 2:19 | Crear | Villager (Male) |
| 2:51 | Crear | Villager (Male) |
| 2:51 | Crear | Villager (Male) |
| 3:16 | Crear | Villager (Male) |
| 3:37 | Crear | Villager (Male) |
| 3:37 | Crear | Villager (Male) |
| 3:55 | Construir | House |
| 4:03 | Crear | Villager (Male) |
| 4:03 | Crear | Villager (Male) |
| 4:08 | Construir | House |
| 4:33 | Crear | Villager (Male) |
| 4:33 | Crear | Villager (Male) |
| 4:53 | Crear | Villager (Male) |
| 5:20 | Crear | Villager (Male) |
| 5:22 | Crear | Villager (Male) |
| 5:22 | Investigar | Loom |
| 5:26 | Construir | Barracks |
| 6:24 | Construir | House |
| 6:44 | Crear | Villager (Male) |
| 6:54 | Construir | Mill |
| 6:58 | Crear | Villager (Male) |
| 7:35 | Crear | Villager (Male) |
| 7:54 | Construir | Palisade Wall |
| 8:01 | Crear | Villager (Male) |
| 8:06 | Construir | Palisade Wall |
| 8:08 | Construir | Palisade Wall |
| 8:19 | Construir | Palisade Wall |
| 8:35 | Crear | Villager (Male) |
| 9:07 | Construir | Farm |
| 9:08 | Construir | Farm |
| 9:10 | Construir | Farm |
| 9:11 | Construir | Farm |
| 9:15 | Crear | Villager (Male) |
| 9:20 | Construir | Farm |
| 9:32 | Crear | Villager (Male) |
| 9:35 | Construir | Farm |
| 10:04 | Construir | Palisade Wall |
| 10:13 | Investigar | Feudal Age |
| 10:13 | Investigar | Feudal Age |
| 10:18 | Construir | Mining Camp |
| 10:34 | Construir | House |
| 11:37 | Construir | House |
| 12:23 | Edad | Edad Feudal |
| 12:29 | Crear | Villager (Male) |
| 12:29 | Crear | Villager (Male) |
| 12:42 | Construir | Archery Range |
| 12:50 | Construir | Blacksmith |
| 12:52 | Construir | House |
| 13:00 | Construir | Watch Tower |
| 13:14 | Construir | Watch Tower |
| 13:21 | Crear | Villager (Male) |
| 13:22 | Crear | Villager (Male) |
| 14:34 | Crear | Villager (Male) |
| 14:35 | Crear | Villager (Male) |
| 14:45 | Construir | House |
| 14:47 | Construir | House |
| 14:48 | Construir | House |
| 15:10 | Construir | Farm |
| 15:12 | Crear | Villager (Male) |
| 15:15 | Construir | House |
| 15:16 | Crear | Spearman |
| 15:21 | Construir | Farm |
| 15:30 | Crear | Villager (Male) |
| 15:53 | Construir | Farm |
| 15:55 | Construir | Farm |
| 16:02 | Crear | Villager (Male) |
| 16:35 | Construir | Farm |
| 16:36 | Construir | Farm |
| 16:38 | Crear | Villager (Male) |
| 16:42 | Construir | Farm |
| 16:52 | Construir | Farm |
| 16:56 | Construir | Farm |
| 17:30 | Investigar | Castle Age |
| 17:30 | Investigar | Castle Age |
| 17:35 | Crear | Archer |
| 17:40 | Construir | Archery Range |
| 17:44 | Crear | Archer |
| 17:50 | Crear | Archer |
| 17:57 | Investigar | Double-Bit Axe |
| 17:58 | Investigar | Double-Bit Axe |
| 17:58 | Investigar | Double-Bit Axe |
| 18:34 | Investigar | Fletching |
| 18:41 | Construir | Archery Range |
| 18:44 | Construir | Palisade Wall |
| 18:54 | Construir | Farm |
| 18:58 | Crear | Villager (Male) |
| 19:11 | Crear | Archer |
| 19:12 | Crear | Archer |
| 19:20 | Construir | House |
| 19:42 | Crear | Archer |
| 19:42 | Crear | Archer |
| 19:52 | Crear | Archer |
| 19:53 | Crear | Archer |
| 20:10 | Edad | Edad de los Castillos |
| 20:17 | Crear | Archer |
| 20:30 | Investigar | Bodkin Arrow |
| 20:31 | Crear | Villager (Male) |
| 20:35 | Construir | Farm |
| 20:35 | Construir | Farm |
| 20:36 | Construir | House |
| 20:37 | Construir | Farm |
| 20:39 | Construir | Farm |
| 20:39 | Construir | Farm |
| 20:53 | Construir | House |
| 21:06 | Crear | Villager (Male) |
| 21:07 | Crear | Villager (Male) |
| 21:09 | Crear | Villager (Male) |
| 21:12 | Construir | Farm |
| 21:20 | Crear | Archer |
| 21:28 | Crear | Archer |
| 21:29 | Crear | Archer |
| 21:34 | Investigar | Horse Collar |
| 21:40 | Crear | Archer |
| 21:40 | Crear | Archer |
| 21:47 | Crear | Archer |
| 22:18 | Crear | Villager (Male) |
| 22:29 | Crear | Villager (Male) |
| 22:48 | Crear | Villager (Male) |
| 22:48 | Crear | Villager (Male) |
| 23:09 | Crear | Villager (Male) |
| 23:14 | Construir | Stable |
| 23:14 | Construir | Stable |
| 23:23 | Crear | Villager (Male) |
| 23:29 | Investigar | Gold Mining |
| 23:30 | Investigar | Gold Mining |
| 23:51 | Investigar | Bloodlines |
| 23:52 | Investigar | Husbandry |
| 23:56 | Investigar | Scale Barding Armor |
| 23:56 | Investigar | Scale Barding Armor |
| 24:05 | Construir | Town Center |
| 24:17 | Construir | Farm |
| 24:22 | Crear | Villager (Male) |
| 24:32 | Construir | Monastery |
| 24:37 | Construir | Farm |
| 24:42 | Crear | Knight |
| 24:46 | Crear | Knight |
| 24:57 | Construir | Farm |
| 25:17 | Crear | Knight |
Build order — ManWithoutArms
Primeras 150 de 294 acciones detectadas
| 0:02 | Crear | Villager (Male) |
| 0:02 | Crear | Villager (Male) |
| 0:02 | Crear | Villager (Male) |
| 0:03 | Construir | House |
| 0:05 | Construir | House |
| 0:37 | Crear | Villager (Male) |
| 0:37 | Crear | Villager (Male) |
| 0:37 | Crear | Villager (Male) |
| 1:37 | Crear | Villager (Male) |
| 1:37 | Crear | Villager (Male) |
| 1:37 | Crear | Villager (Male) |
| 2:13 | Crear | Villager (Male) |
| 2:13 | Crear | Villager (Male) |
| 2:13 | Crear | Villager (Male) |
| 2:24 | Construir | Lumber Camp |
| 2:27 | Crear | Villager (Male) |
| 2:27 | Crear | Villager (Male) |
| 2:27 | Crear | Villager (Male) |
| 2:55 | Crear | Villager (Male) |
| 2:55 | Crear | Villager (Male) |
| 2:55 | Crear | Villager (Male) |
| 3:21 | Crear | Villager (Male) |
| 3:21 | Crear | Villager (Male) |
| 3:21 | Crear | Villager (Male) |
| 3:32 | Construir | House |
| 3:34 | Construir | House |
| 3:49 | Crear | Villager (Male) |
| 3:49 | Crear | Villager (Male) |
| 4:24 | Crear | Villager (Male) |
| 4:24 | Crear | Villager (Male) |
| 5:06 | Crear | Villager (Male) |
| 5:06 | Crear | Villager (Male) |
| 5:26 | Crear | Villager (Male) |
| 5:26 | Crear | Villager (Male) |
| 5:41 | Construir | House |
| 5:42 | Construir | Mill |
| 6:25 | Crear | Villager (Male) |
| 7:16 | Investigar | Feudal Age |
| 7:16 | Investigar | Feudal Age |
| 8:16 | Construir | Barracks |
| 8:51 | Crear | Villager (Male) |
| 8:51 | Crear | Villager (Male) |
| 8:52 | Investigar | Loom |
| 8:59 | Construir | House |
| 9:26 | Edad | Edad Feudal |
| 9:30 | Construir | Stable |
| 9:36 | Construir | House |
| 9:55 | Investigar | Double-Bit Axe |
| 9:56 | Investigar | Horse Collar |
| 9:57 | Investigar | Horse Collar |
| 10:12 | Crear | Scout Cavalry |
| 10:12 | Crear | Scout Cavalry |
| 10:27 | Crear | Villager (Male) |
| 10:54 | Crear | Scout Cavalry |
| 11:02 | Construir | House |
| 11:04 | Construir | House |
| 11:08 | Crear | Villager (Male) |
| 11:09 | Construir | Farm |
| 11:10 | Construir | Farm |
| 11:10 | Construir | Farm |
| 11:10 | Construir | Farm |
| 11:10 | Construir | Farm |
| 11:11 | Construir | Farm |
| 11:14 | Crear | Villager (Male) |
| 11:18 | Construir | Farm |
| 11:31 | Crear | Scout Cavalry |
| 11:36 | Construir | Farm |
| 11:44 | Construir | Farm |
| 12:01 | Crear | Villager (Male) |
| 12:05 | Crear | Scout Cavalry |
| 12:15 | Construir | Farm |
| 12:20 | Construir | Palisade Wall |
| 12:25 | Construir | House |
| 12:29 | Crear | Scout Cavalry |
| 12:40 | Crear | Villager (Male) |
| 12:53 | Construir | Farm |
| 12:55 | Construir | Farm |
| 13:01 | Crear | Villager (Male) |
| 13:01 | Crear | Villager (Male) |
| 13:05 | Construir | House |
| 13:22 | Crear | Scout Cavalry |
| 13:55 | Crear | Villager (Male) |
| 14:01 | Construir | House |
| 14:02 | Construir | House |
| 14:08 | Construir | Palisade Gate |
| 14:11 | Crear | Villager (Male) |
| 14:12 | Crear | Villager (Male) |
| 14:19 | Construir | Farm |
| 14:19 | Construir | Farm |
| 14:19 | Construir | Farm |
| 14:19 | Construir | Farm |
| 14:24 | Construir | Lumber Camp |
| 14:37 | Crear | Scout Cavalry |
| 14:41 | Crear | Villager (Male) |
| 14:56 | Crear | Villager (Male) |
| 15:00 | Construir | Farm |
| 15:09 | Crear | Scout Cavalry |
| 15:12 | Construir | Mining Camp |
| 15:27 | Construir | House |
| 15:29 | Construir | House |
| 15:31 | Construir | House |
| 15:34 | Construir | House |
| 15:37 | Construir | House |
| 15:49 | Crear | Villager (Male) |
| 16:08 | Construir | Lumber Camp |
| 16:21 | Crear | Villager (Male) |
| 16:44 | Construir | Farm |
| 16:45 | Construir | Farm |
| 16:51 | Crear | Villager (Male) |
| 16:59 | Construir | Blacksmith |
| 17:34 | Crear | Villager (Male) |
| 17:42 | Construir | Lumber Camp |
| 18:03 | Crear | Villager (Male) |
| 18:05 | Construir | Farm |
| 18:10 | Construir | Farm |
| 18:12 | Construir | Farm |
| 18:15 | Construir | Farm |
| 18:18 | Construir | Farm |
| 18:20 | Construir | Mill |
| 18:32 | Crear | Villager (Male) |
| 18:38 | Construir | Farm |
| 18:59 | Crear | Villager (Male) |
| 19:02 | Construir | Farm |
| 19:05 | Construir | Farm |
| 19:39 | Investigar | Castle Age |
| 19:39 | Investigar | Castle Age |
| 19:39 | Investigar | Castle Age |
| 19:43 | Construir | Farm |
| 20:25 | Investigar | Scale Barding Armor |
| 20:29 | Crear | Villager (Male) |
| 21:06 | Investigar | Bloodlines |
| 21:28 | Construir | House |
| 21:50 | Investigar | Wheelbarrow |
| 21:54 | Construir | House |
| 22:06 | Investigar | Forging |
| 22:16 | Construir | Palisade Gate |
| 22:19 | Edad | Edad de los Castillos |
| 22:21 | Construir | Stable |
| 22:23 | Crear | Knight |
| 22:23 | Crear | Knight |
| 22:33 | Construir | House |
| 22:35 | Construir | House |
| 22:43 | Crear | Knight |
| 22:49 | Construir | Mining Camp |
| 22:58 | Crear | Villager (Male) |
| 22:58 | Crear | Villager (Male) |
| 23:07 | Construir | Market |
| 23:13 | Crear | Knight |
| 23:52 | Crear | Knight |
| 23:53 | Crear | Villager (Male) |
Build order — Guiik
Primeras 150 de 329 acciones detectadas
| 0:01 | Crear | Villager (Male) |
| 0:02 | Construir | House |
| 0:03 | Construir | House |
| 0:03 | Crear | Villager (Male) |
| 0:11 | Crear | Villager (Male) |
| 0:14 | Crear | Villager (Male) |
| 0:21 | Crear | Villager (Male) |
| 0:26 | Crear | Villager (Male) |
| 0:26 | Crear | Villager (Male) |
| 1:30 | Crear | Villager (Male) |
| 1:30 | Crear | Villager (Male) |
| 2:01 | Crear | Villager (Male) |
| 2:01 | Crear | Villager (Male) |
| 2:08 | Crear | Villager (Male) |
| 2:08 | Crear | Villager (Male) |
| 2:16 | Construir | Lumber Camp |
| 2:37 | Crear | Villager (Male) |
| 2:37 | Crear | Villager (Male) |
| 2:56 | Crear | Villager (Male) |
| 2:56 | Crear | Villager (Male) |
| 3:14 | Crear | Villager (Male) |
| 3:15 | Crear | Villager (Male) |
| 3:26 | Construir | House |
| 4:30 | Construir | Mill |
| 4:39 | Crear | Villager (Male) |
| 5:19 | Crear | Villager (Male) |
| 5:19 | Investigar | Loom |
| 6:20 | Investigar | Feudal Age |
| 6:57 | Construir | House |
| 7:06 | Crear | Villager (Male) |
| 7:23 | Construir | Barracks |
| 8:30 | Edad | Edad Feudal |
| 8:32 | Construir | Stable |
| 8:46 | Investigar | Double-Bit Axe |
| 8:49 | Crear | Villager (Male) |
| 8:58 | Construir | House |
| 9:04 | Crear | Villager (Male) |
| 9:25 | Crear | Scout Cavalry |
| 9:26 | Crear | Villager (Male) |
| 9:29 | Construir | Farm |
| 9:30 | Construir | Farm |
| 9:33 | Investigar | Horse Collar |
| 9:44 | Crear | Scout Cavalry |
| 9:47 | Construir | House |
| 9:48 | Construir | Palisade Wall |
| 9:48 | Construir | Palisade Wall |
| 9:57 | Crear | Villager (Male) |
| 10:21 | Crear | Scout Cavalry |
| 10:25 | Construir | Farm |
| 10:25 | Construir | Farm |
| 10:29 | Crear | Scout Cavalry |
| 10:46 | Construir | Farm |
| 10:47 | Construir | Farm |
| 10:47 | Construir | Farm |
| 10:47 | Construir | Farm |
| 10:51 | Crear | Scout Cavalry |
| 10:51 | Crear | Scout Cavalry |
| 10:54 | Crear | Villager (Male) |
| 11:11 | Crear | Villager (Male) |
| 11:29 | Crear | Villager (Male) |
| 11:41 | Construir | Farm |
| 11:41 | Construir | Farm |
| 11:41 | Construir | Farm |
| 11:41 | Construir | Farm |
| 11:45 | Construir | House |
| 11:57 | Crear | Villager (Male) |
| 11:59 | Construir | Farm |
| 12:08 | Construir | House |
| 12:14 | Construir | House |
| 12:17 | Crear | Villager (Male) |
| 12:22 | Crear | Scout Cavalry |
| 12:23 | Crear | Scout Cavalry |
| 12:49 | Crear | Villager (Male) |
| 12:51 | Crear | Scout Cavalry |
| 13:08 | Crear | Villager (Male) |
| 13:09 | Construir | Farm |
| 13:20 | Construir | Farm |
| 13:20 | Construir | Farm |
| 13:20 | Construir | Farm |
| 13:21 | Construir | Farm |
| 13:21 | Crear | Villager (Male) |
| 13:28 | Construir | House |
| 13:29 | Construir | Palisade Wall |
| 13:30 | Construir | Palisade Wall |
| 13:47 | Crear | Scout Cavalry |
| 13:52 | Construir | Mining Camp |
| 14:03 | Crear | Villager (Male) |
| 14:21 | Crear | Villager (Male) |
| 14:37 | Construir | Blacksmith |
| 15:16 | Crear | Villager (Male) |
| 15:16 | Crear | Villager (Male) |
| 15:24 | Construir | Lumber Camp |
| 15:48 | Crear | Villager (Male) |
| 17:04 | Investigar | Castle Age |
| 17:04 | Investigar | Castle Age |
| 17:31 | Construir | Stable |
| 17:44 | Construir | Palisade Wall |
| 17:45 | Construir | Palisade Wall |
| 17:50 | Construir | House |
| 18:05 | Investigar | Bloodlines |
| 18:05 | Investigar | Bloodlines |
| 18:35 | Investigar | Scale Barding Armor |
| 18:44 | Construir | Lumber Camp |
| 18:51 | Construir | House |
| 18:53 | Construir | Palisade Wall |
| 18:54 | Construir | Palisade Gate |
| 19:03 | Investigar | Gold Mining |
| 19:44 | Edad | Edad de los Castillos |
| 19:45 | Crear | Knight |
| 19:45 | Crear | Knight |
| 19:49 | Crear | Villager (Male) |
| 19:49 | Crear | Villager (Male) |
| 20:05 | Investigar | Bow Saw |
| 20:05 | Investigar | Bow Saw |
| 20:09 | Construir | House |
| 20:10 | Construir | House |
| 20:15 | Construir | Town Center |
| 20:21 | Crear | Villager (Male) |
| 20:21 | Crear | Villager (Male) |
| 20:37 | Crear | Knight |
| 20:38 | Crear | Knight |
| 20:40 | Crear | Villager (Male) |
| 20:40 | Crear | Villager (Male) |
| 20:53 | Crear | Villager (Male) |
| 21:15 | Crear | Knight |
| 21:16 | Crear | Knight |
| 21:18 | Construir | House |
| 21:19 | Construir | House |
| 21:31 | Crear | Knight |
| 21:40 | Crear | Villager (Male) |
| 21:40 | Crear | Villager (Male) |
| 21:52 | Construir | Monastery |
| 21:57 | Crear | Knight |
| 21:59 | Crear | Knight |
| 22:06 | Crear | Villager (Male) |
| 22:06 | Crear | Villager (Male) |
| 22:06 | Crear | Villager (Male) |
| 22:21 | Crear | Knight |
| 22:37 | Crear | Knight |
| 22:41 | Crear | Villager (Male) |
| 22:42 | Crear | Villager (Male) |
| 22:43 | Construir | Farm |
| 22:52 | Crear | Villager (Male) |
| 22:52 | Crear | Villager (Male) |
| 22:54 | Construir | Farm |
| 22:55 | Construir | Farm |
| 22:55 | Construir | Farm |
| 22:56 | Construir | Farm |
| 22:57 | Construir | Farm |
| 22:57 | Construir | Farm |
Build order — 70后老菜鸟
Primeras 150 de 225 acciones detectadas
| 0:02 | Crear | Villager (Male) |
| 0:02 | Crear | Villager (Male) |
| 0:03 | Crear | Villager (Male) |
| 0:18 | Crear | Villager (Male) |
| 0:18 | Crear | Villager (Male) |
| 0:31 | Construir | House |
| 0:35 | Investigar | Loom |
| 0:56 | Crear | Villager (Male) |
| 0:56 | Crear | Villager (Male) |
| 0:56 | Crear | Villager (Male) |
| 0:56 | Crear | Villager (Male) |
| 1:40 | Crear | Villager (Male) |
| 2:18 | Construir | House |
| 2:19 | Construir | House |
| 2:21 | Crear | Villager (Male) |
| 2:21 | Crear | Villager (Male) |
| 2:49 | Crear | Villager (Male) |
| 2:49 | Crear | Villager (Male) |
| 2:49 | Crear | Villager (Male) |
| 3:19 | Construir | Lumber Camp |
| 3:22 | Crear | Villager (Male) |
| 3:22 | Crear | Villager (Male) |
| 3:44 | Crear | Villager (Male) |
| 4:10 | Crear | Villager (Male) |
| 4:45 | Crear | Villager (Male) |
| 5:19 | Construir | House |
| 5:22 | Crear | Villager (Male) |
| 5:59 | Construir | Mill |
| 6:06 | Crear | Villager (Male) |
| 6:06 | Crear | Villager (Male) |
| 6:08 | Crear | Villager (Male) |
| 7:22 | Investigar | Feudal Age |
| 7:23 | Investigar | Feudal Age |
| 8:15 | Construir | Barracks |
| 8:53 | Construir | House |
| 9:32 | Edad | Edad Feudal |
| 9:35 | Crear | Spearman |
| 9:36 | Crear | Spearman |
| 9:42 | Crear | Villager (Male) |
| 10:02 | Crear | Villager (Male) |
| 10:03 | Crear | Spearman |
| 10:09 | Crear | Spearman |
| 10:11 | Crear | Villager (Male) |
| 10:17 | Construir | Archery Range |
| 10:26 | Crear | Spearman |
| 10:30 | Construir | Farm |
| 10:32 | Construir | Farm |
| 10:33 | Construir | Farm |
| 10:47 | Crear | Spearman |
| 11:10 | Crear | Villager (Male) |
| 11:12 | Construir | Farm |
| 11:13 | Construir | Farm |
| 11:21 | Crear | Skirmisher |
| 11:30 | Crear | Villager (Male) |
| 11:36 | Construir | House |
| 11:40 | Construir | House |
| 11:55 | Crear | Skirmisher |
| 12:00 | Construir | Farm |
| 12:18 | Crear | Skirmisher |
| 12:27 | Construir | Palisade Wall |
| 12:48 | Crear | Skirmisher |
| 12:59 | Construir | Blacksmith |
| 13:00 | Crear | Villager (Male) |
| 13:21 | Crear | Skirmisher |
| 13:24 | Crear | Villager (Male) |
| 13:25 | Construir | Farm |
| 13:26 | Construir | Farm |
| 13:31 | Crear | Villager (Male) |
| 13:39 | Crear | Skirmisher |
| 13:54 | Construir | Farm |
| 13:58 | Crear | Villager (Male) |
| 14:04 | Construir | Farm |
| 14:27 | Crear | Skirmisher |
| 14:28 | Crear | Spearman |
| 14:29 | Crear | Villager (Male) |
| 14:32 | Construir | Farm |
| 14:37 | Construir | Archery Range |
| 14:48 | Crear | Spearman |
| 14:49 | Crear | Villager (Male) |
| 14:54 | Construir | House |
| 15:06 | Construir | House |
| 15:09 | Crear | Villager (Male) |
| 15:14 | Investigar | Town Watch |
| 15:14 | Investigar | Town Watch |
| 15:22 | Construir | House |
| 15:29 | Construir | Mining Camp |
| 15:31 | Crear | Villager (Male) |
| 15:42 | Crear | Villager (Male) |
| 15:49 | Construir | Palisade Gate |
| 15:52 | Construir | House |
| 15:53 | Crear | Villager (Male) |
| 16:17 | Crear | Skirmisher |
| 16:18 | Crear | Skirmisher |
| 17:16 | Crear | Villager (Male) |
| 17:17 | Crear | Villager (Male) |
| 17:26 | Crear | Skirmisher |
| 17:27 | Crear | Skirmisher |
| 17:35 | Investigar | Fletching |
| 17:36 | Investigar | Fletching |
| 17:36 | Investigar | Padded Archer Armor |
| 18:04 | Crear | Villager (Male) |
| 18:18 | Construir | Farm |
| 18:22 | Crear | Villager (Male) |
| 18:28 | Construir | Market |
| 18:33 | Construir | Lumber Camp |
| 18:36 | Crear | Villager (Male) |
| 18:51 | Crear | Villager (Male) |
| 18:55 | Construir | Farm |
| 18:56 | Construir | Farm |
| 18:57 | Construir | Farm |
| 18:58 | Construir | Farm |
| 19:03 | Construir | Farm |
| 19:04 | Construir | Farm |
| 19:04 | Construir | Farm |
| 20:05 | Crear | Villager (Male) |
| 20:07 | Construir | Farm |
| 20:13 | Construir | Farm |
| 20:17 | Construir | Farm |
| 20:17 | Construir | Farm |
| 20:19 | Crear | Villager (Male) |
| 20:20 | Crear | Spearman |
| 20:20 | Crear | Spearman |
| 20:44 | Construir | Farm |
| 21:16 | Construir | House |
| 21:18 | Construir | House |
| 21:21 | Construir | House |
| 21:28 | Construir | Lumber Camp |
| 21:56 | Crear | Spearman |
| 22:17 | Crear | Skirmisher |
| 22:17 | Crear | Skirmisher |
| 22:18 | Crear | Skirmisher |
| 22:19 | Crear | Skirmisher |
| 22:20 | Crear | Skirmisher |
| 22:39 | Crear | Skirmisher |
| 22:44 | Crear | Skirmisher |
| 22:44 | Crear | Skirmisher |
| 22:44 | Crear | Skirmisher |
| 22:54 | Investigar | Castle Age |
| 22:54 | Investigar | Castle Age |
| 23:24 | Crear | Skirmisher |
| 23:24 | Crear | Skirmisher |
| 23:52 | Construir | House |
| 23:56 | Construir | House |
| 24:36 | Construir | Archery Range |
| 25:25 | Crear | Skirmisher |
| 25:34 | Edad | Edad de los Castillos |
| 25:37 | Investigar | Bodkin Arrow |
| 25:37 | Investigar | Bodkin Arrow |
| 25:40 | Investigar | Elite Skirmisher (upgrade) |
| 25:41 | Investigar | Elite Skirmisher (upgrade) |
Build order — HeN.Le Super Fluffy
Primeras 150 de 282 acciones detectadas
| 0:01 | Crear | Villager (Male) |
| 0:01 | Crear | Villager (Male) |
| 0:02 | Construir | House |
| 0:05 | Construir | House |
| 0:15 | Crear | Villager (Male) |
| 0:15 | Crear | Villager (Male) |
| 1:31 | Crear | Villager (Male) |
| 1:31 | Crear | Villager (Male) |
| 1:55 | Crear | Villager (Male) |
| 1:55 | Crear | Villager (Male) |
| 2:10 | Construir | Lumber Camp |
| 2:21 | Crear | Villager (Male) |
| 2:22 | Crear | Villager (Male) |
| 2:52 | Crear | Villager (Male) |
| 3:25 | Crear | Villager (Male) |
| 3:26 | Crear | Villager (Male) |
| 3:40 | Crear | Villager (Male) |
| 3:40 | Crear | Villager (Male) |
| 4:15 | Construir | House |
| 4:22 | Crear | Villager (Male) |
| 4:22 | Crear | Villager (Male) |
| 4:41 | Construir | House |
| 4:42 | Construir | Mill |
| 5:16 | Crear | Villager (Male) |
| 5:53 | Crear | Villager (Male) |
| 5:57 | Crear | Villager (Male) |
| 6:27 | Crear | Villager (Male) |
| 6:49 | Investigar | Loom |
| 7:00 | Investigar | Feudal Age |
| 7:00 | Investigar | Feudal Age |
| 7:00 | Investigar | Feudal Age |
| 7:00 | Investigar | Feudal Age |
| 7:27 | Construir | House |
| 7:46 | Construir | Barracks |
| 8:45 | Construir | House |
| 8:46 | Construir | House |
| 8:48 | Crear | Villager (Male) |
| 8:51 | Edad | Edad Feudal |
| 8:54 | Construir | Archery Range |
| 8:58 | Investigar | Double-Bit Axe |
| 8:58 | Investigar | Double-Bit Axe |
| 8:58 | Investigar | Double-Bit Axe |
| 8:58 | Investigar | Double-Bit Axe |
| 9:01 | Crear | Spearman |
| 9:10 | Crear | Villager (Male) |
| 9:12 | Construir | Farm |
| 9:15 | Crear | Villager (Male) |
| 9:29 | Crear | Skirmisher |
| 9:29 | Crear | Skirmisher |
| 9:39 | Construir | Farm |
| 9:45 | Crear | Villager (Male) |
| 9:55 | Crear | Skirmisher |
| 10:02 | Crear | Villager (Male) |
| 10:04 | Construir | Farm |
| 10:07 | Construir | Farm |
| 10:12 | Crear | Skirmisher |
| 10:24 | Crear | Skirmisher |
| 10:42 | Crear | Villager (Male) |
| 10:44 | Construir | Blacksmith |
| 11:05 | Crear | Skirmisher |
| 11:06 | Crear | Villager (Male) |
| 11:08 | Crear | Spearman |
| 11:11 | Construir | Farm |
| 11:30 | Crear | Villager (Male) |
| 11:32 | Construir | Farm |
| 11:34 | Construir | House |
| 11:49 | Crear | Skirmisher |
| 11:53 | Crear | Skirmisher |
| 11:53 | Crear | Skirmisher |
| 12:15 | Investigar | Fletching |
| 12:19 | Construir | Farm |
| 12:22 | Construir | Farm |
| 12:24 | Construir | Farm |
| 12:29 | Crear | Skirmisher |
| 12:45 | Crear | Villager (Male) |
| 12:50 | Crear | Spearman |
| 12:56 | Construir | Farm |
| 12:59 | Construir | Farm |
| 13:02 | Construir | Farm |
| 13:06 | Crear | Villager (Male) |
| 13:19 | Crear | Spearman |
| 13:21 | Crear | Villager (Male) |
| 13:24 | Construir | Farm |
| 13:25 | Crear | Villager (Male) |
| 13:26 | Construir | House |
| 13:27 | Construir | House |
| 13:42 | Crear | Skirmisher |
| 13:53 | Crear | Villager (Male) |
| 13:55 | Construir | Farm |
| 14:03 | Crear | Skirmisher |
| 14:25 | Construir | Mining Camp |
| 14:35 | Crear | Spearman |
| 14:44 | Construir | Farm |
| 14:48 | Crear | Villager (Male) |
| 15:13 | Crear | Villager (Male) |
| 15:15 | Crear | Spearman |
| 15:32 | Crear | Villager (Male) |
| 15:34 | Construir | Archery Range |
| 15:39 | Crear | Spearman |
| 15:54 | Crear | Skirmisher |
| 16:12 | Crear | Villager (Male) |
| 16:14 | Investigar | Wheelbarrow |
| 16:17 | Crear | Spearman |
| 16:39 | Construir | Market |
| 17:21 | Crear | Villager (Male) |
| 17:46 | Crear | Skirmisher |
| 17:59 | Investigar | Castle Age |
| 17:59 | Investigar | Castle Age |
| 17:59 | Investigar | Castle Age |
| 17:59 | Investigar | Castle Age |
| 17:59 | Investigar | Castle Age |
| 18:01 | Construir | House |
| 18:03 | Construir | Palisade Wall |
| 18:04 | Construir | Palisade Wall |
| 18:06 | Construir | Palisade Wall |
| 18:30 | Investigar | Padded Archer Armor |
| 18:30 | Investigar | Padded Archer Armor |
| 18:32 | Construir | Mining Camp |
| 18:46 | Crear | Archer |
| 18:50 | Crear | Archer |
| 18:50 | Crear | Archer |
| 19:08 | Investigar | Gold Mining |
| 19:08 | Investigar | Gold Mining |
| 19:08 | Investigar | Gold Mining |
| 19:18 | Crear | Archer |
| 19:24 | Investigar | Horse Collar |
| 19:24 | Investigar | Horse Collar |
| 19:24 | Investigar | Horse Collar |
| 19:26 | Crear | Archer |
| 19:26 | Crear | Archer |
| 19:34 | Crear | Villager (Male) |
| 19:35 | Edad | Edad de los Castillos |
| 19:57 | Investigar | Bodkin Arrow |
| 19:58 | Investigar | Bodkin Arrow |
| 19:58 | Investigar | Bodkin Arrow |
| 20:02 | Crear | Spearman |
| 20:19 | Construir | House |
| 20:21 | Construir | Palisade Wall |
| 20:27 | Investigar | Crossbowman (upgrade) |
| 20:28 | Investigar | Crossbowman (upgrade) |
| 20:37 | Crear | Villager (Male) |
| 20:39 | Crear | Archer |
| 20:39 | Crear | Archer |
| 20:42 | Construir | Lumber Camp |
| 20:50 | Construir | House |
| 20:51 | Construir | House |
| 20:54 | Crear | Archer |
| 20:54 | Crear | Archer |
| 20:54 | Crear | Archer |
| 21:09 | Crear | Villager (Male) |
Build order — The Milkman
Primeras 150 de 238 acciones detectadas
| 0:07 | Crear | Villager (Male) |
| 0:07 | Crear | Villager (Male) |
| 0:07 | Crear | Villager (Male) |
| 0:08 | Construir | House |
| 0:09 | Construir | House |
| 0:15 | Crear | Villager (Male) |
| 0:15 | Crear | Villager (Male) |
| 1:30 | Crear | Villager (Male) |
| 1:30 | Crear | Villager (Male) |
| 1:50 | Construir | Lumber Camp |
| 2:05 | Crear | Villager (Male) |
| 2:05 | Crear | Villager (Male) |
| 2:22 | Crear | Villager (Male) |
| 2:23 | Crear | Villager (Male) |
| 2:38 | Crear | Villager (Male) |
| 2:38 | Crear | Villager (Male) |
| 3:31 | Crear | Villager (Male) |
| 3:31 | Crear | Villager (Male) |
| 3:44 | Construir | House |
| 4:25 | Crear | Villager (Male) |
| 4:25 | Crear | Villager (Male) |
| 5:04 | Construir | Mill |
| 5:08 | Crear | Villager (Male) |
| 5:09 | Crear | Villager (Male) |
| 5:09 | Crear | Villager (Male) |
| 5:09 | Crear | Villager (Male) |
| 5:52 | Crear | Villager (Male) |
| 6:50 | Investigar | Feudal Age |
| 6:51 | Investigar | Feudal Age |
| 7:30 | Construir | Barracks |
| 8:19 | Investigar | Loom |
| 8:20 | Crear | Villager (Male) |
| 9:05 | Edad | Edad Feudal |
| 9:06 | Construir | Stable |
| 9:10 | Investigar | Double-Bit Axe |
| 9:15 | Crear | Villager (Male) |
| 9:27 | Investigar | Horse Collar |
| 9:48 | Crear | Scout Cavalry |
| 9:49 | Crear | Scout Cavalry |
| 9:51 | Construir | House |
| 10:17 | Construir | House |
| 10:22 | Crear | Villager (Male) |
| 10:24 | Construir | Farm |
| 10:27 | Construir | Farm |
| 10:42 | Crear | Scout Cavalry |
| 10:49 | Construir | Farm |
| 10:54 | Crear | Spearman |
| 10:56 | Construir | House |
| 11:06 | Crear | Villager (Male) |
| 11:18 | Crear | Scout Cavalry |
| 11:30 | Construir | House |
| 11:30 | Crear | Villager (Male) |
| 11:33 | Crear | Scout Cavalry |
| 11:38 | Construir | Farm |
| 11:42 | Construir | Farm |
| 11:58 | Construir | Blacksmith |
| 12:05 | Crear | Villager (Male) |
| 12:06 | Crear | Villager (Male) |
| 12:08 | Construir | Farm |
| 12:35 | Crear | Villager (Male) |
| 12:36 | Crear | Scout Cavalry |
| 12:52 | Construir | House |
| 12:54 | Crear | Scout Cavalry |
| 13:01 | Crear | Villager (Male) |
| 13:11 | Construir | Mill |
| 13:15 | Construir | Farm |
| 13:16 | Construir | Farm |
| 13:17 | Construir | Farm |
| 13:18 | Construir | Farm |
| 13:23 | Crear | Scout Cavalry |
| 13:38 | Construir | House |
| 13:49 | Crear | Villager (Male) |
| 13:52 | Construir | Farm |
| 13:56 | Construir | Farm |
| 14:00 | Crear | Scout Cavalry |
| 14:03 | Construir | House |
| 14:14 | Construir | House |
| 14:21 | Construir | Palisade Wall |
| 14:23 | Crear | Scout Cavalry |
| 14:28 | Construir | Farm |
| 14:42 | Crear | Villager (Male) |
| 14:42 | Investigar | Wheelbarrow |
| 15:15 | Crear | Villager (Male) |
| 15:22 | Construir | Mining Camp |
| 15:25 | Construir | Farm |
| 15:26 | Construir | Farm |
| 15:29 | Crear | Scout Cavalry |
| 15:34 | Construir | House |
| 15:36 | Construir | House |
| 15:41 | Crear | Scout Cavalry |
| 15:42 | Crear | Scout Cavalry |
| 15:58 | Construir | Mining Camp |
| 16:28 | Construir | House |
| 16:30 | Construir | House |
| 16:49 | Crear | Villager (Male) |
| 16:52 | Construir | Stable |
| 17:02 | Crear | Scout Cavalry |
| 17:18 | Crear | Scout Cavalry |
| 17:23 | Crear | Villager (Male) |
| 17:24 | Investigar | Town Watch |
| 17:52 | Construir | Farm |
| 17:54 | Construir | Farm |
| 18:01 | Investigar | Bloodlines |
| 18:07 | Crear | Villager (Male) |
| 18:39 | Construir | Mill |
| 18:46 | Construir | Farm |
| 18:47 | Construir | Farm |
| 18:48 | Crear | Villager (Male) |
| 18:56 | Construir | Farm |
| 19:01 | Construir | Farm |
| 19:04 | Construir | Farm |
| 19:11 | Crear | Villager (Male) |
| 19:23 | Crear | Scout Cavalry |
| 19:56 | Crear | Villager (Male) |
| 20:21 | Investigar | Scale Barding Armor |
| 20:26 | Investigar | Castle Age |
| 20:26 | Investigar | Castle Age |
| 21:11 | Investigar | Scale Barding Armor |
| 21:22 | Crear | Scout Cavalry |
| 21:23 | Crear | Scout Cavalry |
| 21:29 | Investigar | Gold Mining |
| 21:42 | Investigar | Forging |
| 22:49 | Construir | Stable |
| 23:06 | Edad | Edad de los Castillos |
| 23:06 | Crear | Villager (Male) |
| 23:08 | Crear | Knight |
| 23:08 | Crear | Knight |
| 23:08 | Crear | Knight |
| 23:13 | Investigar | Chain Barding Armor |
| 23:13 | Investigar | Chain Barding Armor |
| 23:16 | Crear | Villager (Male) |
| 23:19 | Investigar | Bow Saw |
| 23:34 | Crear | Villager (Male) |
| 23:47 | Crear | Knight |
| 23:50 | Crear | Knight |
| 23:55 | Crear | Knight |
| 23:55 | Crear | Knight |
| 23:55 | Crear | Knight |
| 24:04 | Crear | Knight |
| 24:04 | Crear | Knight |
| 24:18 | Construir | Farm |
| 24:26 | Crear | Knight |
| 24:27 | Crear | Villager (Male) |
| 24:40 | Investigar | Husbandry |
| 24:41 | Investigar | Husbandry |
| 24:44 | Crear | Knight |
| 24:44 | Crear | Knight |
| 24:49 | Crear | Villager (Male) |
| 25:13 | Crear | Villager (Male) |
| 25:35 | Crear | Knight |
Build order — [DGLOS] DyouDi
Primeras 150 de 374 acciones detectadas
| 0:01 | Crear | Villager (Male) |
| 0:01 | Crear | Villager (Male) |
| 0:01 | Crear | Villager (Male) |
| 0:02 | Crear | Villager (Male) |
| 0:03 | Construir | House |
| 0:04 | Construir | House |
| 1:27 | Crear | Villager (Male) |
| 2:02 | Crear | Villager (Male) |
| 2:02 | Crear | Villager (Male) |
| 2:11 | Construir | Lumber Camp |
| 2:27 | Crear | Villager (Male) |
| 2:27 | Crear | Villager (Male) |
| 3:16 | Crear | Villager (Male) |
| 3:18 | Crear | Villager (Male) |
| 3:18 | Crear | Villager (Male) |
| 3:42 | Crear | Villager (Male) |
| 3:42 | Crear | Villager (Male) |
| 4:11 | Crear | Villager (Male) |
| 4:11 | Crear | Villager (Male) |
| 4:17 | Construir | House |
| 4:38 | Construir | House |
| 4:54 | Crear | Villager (Male) |
| 5:00 | Construir | House |
| 5:03 | Construir | House |
| 5:22 | Crear | Villager (Male) |
| 5:30 | Crear | Villager (Male) |
| 5:57 | Construir | Mill |
| 6:11 | Crear | Villager (Male) |
| 6:36 | Crear | Villager (Male) |
| 6:36 | Crear | Villager (Male) |
| 6:56 | Crear | Villager (Male) |
| 7:22 | Investigar | Loom |
| 7:44 | Construir | House |
| 7:51 | Construir | Palisade Wall |
| 8:00 | Investigar | Feudal Age |
| 8:25 | Construir | Palisade Wall |
| 8:40 | Construir | Mining Camp |
| 9:02 | Construir | Palisade Wall |
| 10:03 | Crear | Villager (Male) |
| 10:10 | Edad | Edad Feudal |
| 10:15 | Construir | Barracks |
| 10:20 | Crear | Villager (Male) |
| 10:22 | Investigar | Double-Bit Axe |
| 10:22 | Investigar | Double-Bit Axe |
| 10:42 | Crear | Villager (Male) |
| 11:05 | Construir | Archery Range |
| 11:08 | Construir | Archery Range |
| 11:16 | Investigar | Horse Collar |
| 11:19 | Crear | Villager (Male) |
| 11:38 | Crear | Villager (Male) |
| 11:44 | Construir | House |
| 11:47 | Construir | Blacksmith |
| 11:50 | Construir | Palisade Wall |
| 11:54 | Crear | Archer |
| 11:54 | Crear | Archer |
| 11:55 | Crear | Archer |
| 12:15 | Crear | Archer |
| 12:22 | Crear | Villager (Male) |
| 12:24 | Crear | Villager (Male) |
| 12:41 | Construir | Farm |
| 12:42 | Crear | Villager (Male) |
| 12:43 | Construir | Farm |
| 12:44 | Construir | Farm |
| 12:46 | Construir | Farm |
| 12:47 | Crear | Archer |
| 12:48 | Investigar | Fletching |
| 12:48 | Investigar | Fletching |
| 13:12 | Crear | Archer |
| 13:19 | Construir | Farm |
| 13:22 | Construir | Farm |
| 13:24 | Crear | Villager (Male) |
| 13:31 | Construir | Farm |
| 13:33 | Crear | Archer |
| 13:44 | Crear | Archer |
| 13:52 | Crear | Archer |
| 14:06 | Construir | House |
| 14:08 | Crear | Archer |
| 14:09 | Crear | Villager (Male) |
| 14:11 | Investigar | Padded Archer Armor |
| 14:23 | Crear | Villager (Male) |
| 14:23 | Crear | Villager (Male) |
| 14:28 | Crear | Archer |
| 14:51 | Crear | Archer |
| 14:52 | Crear | Archer |
| 15:00 | Construir | House |
| 15:06 | Crear | Villager (Male) |
| 15:14 | Construir | House |
| 15:15 | Construir | House |
| 15:18 | Crear | Archer |
| 15:20 | Construir | Farm |
| 15:20 | Crear | Villager (Male) |
| 15:23 | Construir | Farm |
| 15:30 | Crear | Archer |
| 15:31 | Crear | Villager (Male) |
| 16:13 | Crear | Archer |
| 16:13 | Crear | Archer |
| 16:16 | Crear | Archer |
| 16:16 | Crear | Archer |
| 16:17 | Crear | Villager (Male) |
| 16:18 | Crear | Villager (Male) |
| 16:20 | Construir | Farm |
| 16:31 | Crear | Archer |
| 16:37 | Construir | Farm |
| 16:45 | Construir | House |
| 16:49 | Construir | House |
| 16:50 | Construir | House |
| 17:01 | Crear | Archer |
| 17:16 | Construir | Farm |
| 17:18 | Crear | Archer |
| 17:21 | Crear | Villager (Male) |
| 17:41 | Crear | Archer |
| 17:44 | Crear | Archer |
| 17:47 | Crear | Villager (Male) |
| 17:53 | Construir | Farm |
| 18:02 | Crear | Archer |
| 18:11 | Construir | Farm |
| 18:18 | Crear | Villager (Male) |
| 18:31 | Construir | Farm |
| 18:36 | Crear | Archer |
| 18:40 | Construir | Lumber Camp |
| 18:43 | Crear | Villager (Male) |
| 18:48 | Crear | Archer |
| 19:06 | Crear | Archer |
| 19:09 | Crear | Villager (Male) |
| 19:25 | Investigar | Castle Age |
| 19:34 | Construir | Mining Camp |
| 19:51 | Crear | Archer |
| 19:59 | Investigar | Horse Collar |
| 20:07 | Construir | Palisade Gate |
| 20:10 | Crear | Archer |
| 20:10 | Crear | Archer |
| 20:10 | Crear | Archer |
| 20:29 | Construir | House |
| 20:31 | Construir | House |
| 20:41 | Construir | House |
| 20:44 | Construir | House |
| 21:02 | Crear | Archer |
| 21:06 | Crear | Archer |
| 21:08 | Construir | Archery Range |
| 21:29 | Crear | Archer |
| 21:47 | Crear | Archer |
| 21:47 | Crear | Archer |
| 21:51 | Crear | Archer |
| 21:53 | Crear | Archer |
| 21:54 | Crear | Villager (Male) |
| 21:54 | Crear | Villager (Male) |
| 22:02 | Crear | Archer |
| 22:02 | Crear | Archer |
| 22:05 | Edad | Edad de los Castillos |
| 22:08 | Investigar | Crossbowman (upgrade) |
Build order — samll Kitchen knife
Primeras 150 de 221 acciones detectadas
| 0:02 | Crear | Villager (Male) |
| 0:02 | Crear | Villager (Male) |
| 0:04 | Construir | House |
| 0:06 | Construir | House |
| 0:12 | Crear | Villager (Male) |
| 0:12 | Crear | Villager (Male) |
| 1:28 | Crear | Villager (Male) |
| 1:28 | Crear | Villager (Male) |
| 2:11 | Crear | Villager (Male) |
| 2:11 | Crear | Villager (Male) |
| 2:18 | Crear | Villager (Male) |
| 2:18 | Crear | Villager (Male) |
| 2:21 | Construir | Lumber Camp |
| 2:30 | Crear | Villager (Male) |
| 2:30 | Crear | Villager (Male) |
| 3:01 | Crear | Villager (Male) |
| 3:48 | Crear | Villager (Male) |
| 3:50 | Crear | Villager (Male) |
| 3:50 | Crear | Villager (Male) |
| 3:54 | Construir | House |
| 4:04 | Crear | Villager (Male) |
| 4:04 | Crear | Villager (Male) |
| 5:03 | Construir | Mining Camp |
| 5:38 | Crear | Villager (Male) |
| 5:41 | Investigar | Loom |
| 5:43 | Crear | Villager (Male) |
| 6:06 | Investigar | Loom |
| 6:51 | Investigar | Feudal Age |
| 7:18 | Construir | Barracks |
| 7:32 | Construir | Palisade Wall |
| 7:39 | Construir | House |
| 7:43 | Construir | Palisade Wall |
| 7:46 | Crear | Villager (Male) |
| 8:19 | Construir | Palisade Wall |
| 8:35 | Crear | Villager (Male) |
| 8:48 | Construir | House |
| 9:03 | Edad | Edad Feudal |
| 9:08 | Construir | Archery Range |
| 9:12 | Crear | Villager (Male) |
| 9:23 | Investigar | Double-Bit Axe |
| 9:55 | Construir | Archery Range |
| 9:57 | Crear | Villager (Male) |
| 9:58 | Crear | Villager (Male) |
| 10:09 | Crear | Villager (Male) |
| 10:24 | Construir | House |
| 10:32 | Crear | Archer |
| 10:32 | Crear | Archer |
| 10:49 | Construir | House |
| 10:51 | Crear | Archer |
| 10:58 | Crear | Villager (Male) |
| 11:05 | Construir | Blacksmith |
| 11:07 | Crear | Archer |
| 11:26 | Crear | Archer |
| 11:49 | Crear | Villager (Male) |
| 12:01 | Investigar | Fletching |
| 12:01 | Investigar | Fletching |
| 12:06 | Construir | House |
| 12:11 | Crear | Villager (Male) |
| 12:12 | Crear | Villager (Male) |
| 12:19 | Crear | Archer |
| 12:20 | Crear | Archer |
| 12:21 | Crear | Villager (Male) |
| 12:24 | Construir | Mill |
| 12:46 | Construir | House |
| 13:06 | Construir | Farm |
| 13:08 | Construir | Farm |
| 13:15 | Construir | Farm |
| 13:17 | Crear | Villager (Male) |
| 13:17 | Crear | Villager (Male) |
| 13:46 | Crear | Villager (Male) |
| 13:51 | Construir | House |
| 13:53 | Construir | House |
| 13:56 | Crear | Villager (Male) |
| 14:05 | Construir | Market |
| 14:10 | Crear | Archer |
| 14:11 | Crear | Archer |
| 14:35 | Crear | Villager (Male) |
| 14:37 | Construir | Farm |
| 14:38 | Construir | Farm |
| 14:39 | Crear | Villager (Male) |
| 14:47 | Construir | House |
| 15:15 | Crear | Villager (Male) |
| 15:18 | Construir | Farm |
| 15:18 | Construir | Farm |
| 15:24 | Crear | Villager (Male) |
| 15:25 | Crear | Villager (Male) |
| 15:52 | Crear | Villager (Male) |
| 15:54 | Construir | Farm |
| 15:55 | Construir | Farm |
| 16:15 | Construir | Palisade Wall |
| 16:25 | Crear | Villager (Male) |
| 16:31 | Construir | Farm |
| 16:31 | Construir | Farm |
| 16:40 | Crear | Archer |
| 16:49 | Construir | Farm |
| 16:54 | Construir | Farm |
| 17:07 | Construir | Lumber Camp |
| 17:19 | Construir | Palisade Wall |
| 17:32 | Investigar | Castle Age |
| 17:39 | Construir | House |
| 17:40 | Construir | Palisade Wall |
| 18:05 | Crear | Archer |
| 18:06 | Crear | Archer |
| 18:08 | Crear | Villager (Male) |
| 18:10 | Investigar | Gold Mining |
| 18:10 | Investigar | Gold Mining |
| 18:27 | Crear | Villager (Male) |
| 18:30 | Construir | Farm |
| 18:35 | Crear | Archer |
| 19:43 | Construir | Mining Camp |
| 19:51 | Investigar | Horse Collar |
| 20:12 | Edad | Edad de los Castillos |
| 20:15 | Investigar | Crossbowman (upgrade) |
| 20:16 | Investigar | Thumb Ring |
| 20:16 | Investigar | Thumb Ring |
| 20:35 | Crear | Villager (Male) |
| 20:44 | Crear | Archer |
| 20:44 | Crear | Archer |
| 20:45 | Crear | Archer |
| 20:45 | Crear | Archer |
| 20:48 | Investigar | Bodkin Arrow |
| 20:49 | Investigar | Bodkin Arrow |
| 21:03 | Crear | Archer |
| 21:04 | Crear | Archer |
| 21:13 | Construir | Palisade Wall |
| 21:15 | Crear | Archer |
| 21:15 | Crear | Archer |
| 21:17 | Crear | Villager (Male) |
| 21:17 | Crear | Villager (Male) |
| 21:22 | Crear | Archer |
| 21:22 | Crear | Archer |
| 21:25 | Crear | Villager (Male) |
| 21:58 | Crear | Archer |
| 21:58 | Crear | Archer |
| 22:01 | Construir | Archery Range |
| 22:21 | Crear | Archer |
| 22:37 | Construir | University |
| 23:05 | Construir | House |
| 23:19 | Crear | Villager (Male) |
| 23:25 | Crear | Villager (Male) |
| 23:25 | Crear | Villager (Male) |
| 23:29 | Crear | Archer |
| 23:29 | Crear | Archer |
| 23:30 | Crear | Archer |
| 23:42 | Construir | House |
| 23:44 | Construir | House |
| 23:59 | Construir | Lumber Camp |
| 24:18 | Crear | Archer |
| 24:18 | Crear | Archer |
| 24:47 | Crear | Villager (Male) |
Cronología de la partida
| 5:26 | christopher44800 · first_building Barracks |
| 7:18 | samll Kitchen knife · first_building Barracks |
| 7:23 | Guiik · first_building Barracks |
| 7:30 | The Milkman · first_building Barracks |
| 7:32 | samll Kitchen knife · wall_segment Palisade Wall x1 |
| 7:43 | samll Kitchen knife · wall_segment Palisade Wall x1 |
| 7:46 | HeN.Le Super Fluffy · first_building Barracks |
| 7:51 | [DGLOS] DyouDi · wall_segment Palisade Wall x7 |
| 7:54 | christopher44800 · wall_segment Palisade Wall x8 |
| 8:06 | christopher44800 · wall_segment Palisade Wall x9 |
| 8:08 | christopher44800 · wall_segment Palisade Wall x1 |
| 8:15 | 70后老菜鸟 · first_building Barracks |
| 8:16 | ManWithoutArms · first_building Barracks |
| 8:19 | christopher44800 · wall_segment Palisade Wall x13 |
| 8:19 | samll Kitchen knife · wall_segment Palisade Wall x1 |
| 8:25 | [DGLOS] DyouDi · wall_segment Palisade Wall x9 |
| 8:30 | Guiik · age_up feudal |
| 8:32 | Guiik · first_building Stable |
| 8:51 | HeN.Le Super Fluffy · age_up feudal |
| 8:54 | HeN.Le Super Fluffy · first_building Archery Range |
| 9:02 | [DGLOS] DyouDi · wall_segment Palisade Wall x9 |
| 9:03 | samll Kitchen knife · age_up feudal |
| 9:05 | The Milkman · age_up feudal |
| 9:06 | The Milkman · first_building Stable |
| 9:08 | samll Kitchen knife · first_building Archery Range |
| 9:26 | ManWithoutArms · age_up feudal |
| 9:30 | ManWithoutArms · first_building Stable |
| 9:32 | 70后老菜鸟 · age_up feudal |
| 9:48 | Guiik · wall_segment Palisade Wall x1 |
| 9:48 | Guiik · wall_segment Palisade Wall x1 |
| 10:04 | christopher44800 · wall_segment Palisade Wall x1 |
| 10:10 | [DGLOS] DyouDi · age_up feudal |
| 10:15 | [DGLOS] DyouDi · first_building Barracks |
| 10:17 | 70后老菜鸟 · first_building Archery Range |
| 11:05 | [DGLOS] DyouDi · first_building Archery Range |
| 11:50 | [DGLOS] DyouDi · wall_segment Palisade Wall x6 |
| 12:20 | ManWithoutArms · wall_segment Palisade Wall x4 |
| 12:23 | christopher44800 · age_up feudal |
| 12:27 | 70后老菜鸟 · wall_segment Palisade Wall x1 |
| 12:42 | christopher44800 · first_building Archery Range |
| 13:29 | Guiik · wall_segment Palisade Wall x1 |
| 13:30 | Guiik · wall_segment Palisade Wall x2 |
| 14:21 | The Milkman · wall_segment Palisade Wall x1 |
| 15:26 | samll Kitchen knife · first_market_sell 100 stone |
| 15:28 | samll Kitchen knife · first_market_buy 100 food |
| 16:15 | samll Kitchen knife · wall_segment Palisade Wall x9 |
| 17:19 | samll Kitchen knife · wall_segment Palisade Wall x3 |
| 17:35 | HeN.Le Super Fluffy · first_market_buy 100 food |
| 17:40 | samll Kitchen knife · wall_segment Palisade Wall x1 |
| 17:44 | Guiik · wall_segment Palisade Wall x1 |
| 17:45 | Guiik · wall_segment Palisade Wall x3 |
| 17:51 | HeN.Le Super Fluffy · first_market_sell 100 wood |
| 18:03 | HeN.Le Super Fluffy · wall_segment Palisade Wall x1 |
| 18:04 | HeN.Le Super Fluffy · wall_segment Palisade Wall x1 |
| 18:06 | HeN.Le Super Fluffy · wall_segment Palisade Wall x1 |
| 18:44 | christopher44800 · wall_segment Palisade Wall x1 |
| 18:53 | Guiik · wall_segment Palisade Wall x11 |
| 19:35 | HeN.Le Super Fluffy · age_up castle |
| 19:44 | Guiik · age_up castle |
| 20:10 | christopher44800 · age_up castle |
| 20:12 | samll Kitchen knife · age_up castle |
| 20:21 | HeN.Le Super Fluffy · wall_segment Palisade Wall x1 |
| 21:13 | samll Kitchen knife · wall_segment Palisade Wall x1 |
| 21:52 | Guiik · first_building Monastery |
| 22:05 | [DGLOS] DyouDi · age_up castle |
| 22:19 | ManWithoutArms · age_up castle |
| 23:03 | HeN.Le Super Fluffy · first_building Siege Workshop |
| 23:06 | The Milkman · age_up castle |
| 23:14 | christopher44800 · first_building Stable |
| 24:16 | ManWithoutArms · first_market_sell 500 wood |
| 24:32 | christopher44800 · first_building Monastery |
| 24:55 | samll Kitchen knife · wall_segment Palisade Wall x1 |
| 25:34 | 70后老菜鸟 · age_up castle |
| 27:19 | The Milkman · first_building Castle |
| 28:21 | [DGLOS] DyouDi · first_building Monastery |
| 28:30 | ManWithoutArms · first_market_buy 100 food |
| 28:38 | samll Kitchen knife · first_building Siege Workshop |
| 29:18 | The Milkman · first_market_sell 100 stone |
| 33:04 | 70后老菜鸟 · tribute_sent a jugador 1 |
| 33:04 | 70后老菜鸟 · tribute_sent a jugador 2 |
| 33:04 | 70后老菜鸟 · tribute_sent a jugador 3 |
| 33:04 | 70后老菜鸟 · tribute_sent a jugador 5 |
| 33:04 | 70后老菜鸟 · tribute_sent a jugador 6 |
| 33:04 | 70后老菜鸟 · tribute_sent a jugador 7 |
| 33:04 | 70后老菜鸟 · tribute_sent a jugador 8 |
| 33:49 | The Milkman · resign |
[ ANÁLISIS IA · 1 CRÉDITO ]
¿Qué pasó realmente en esta partida?
Wolo.gg analiza cada decisión: build order, eco, micro, errores típicos por bracket. Análisis personalizado por WhatsApp o Discord en 30 segundos.
Guía civ
Búlgaros
Perfil
christopher44800